 Dungeon Crawl Stone Soup version 0.26-a0-667-g92642533e4 (webtiles) character file.

Game seed: 16971277242223691085

137 Lavandula the Gusty (level 5, 29/35 HPs)
             Began as a Demonspawn Air Elementalist on Oct 16, 2020.
             Quit the game on level 2 of the Dungeon.
             The game lasted 00:04:50 (1649 turns).

Lavandula the Gusty (Demonspawn Air Elementalist)   Turns: 1649, Time: 00:04:50

Health: 29/35      AC:  6    Str:  8    XL:     5   Next: 0%
Magic:  5/9        EV: 12    Int: 17    God:
Gold:   95         SH:  0    Dex: 14    Spells: 9/10 levels left

rFire    . . .     SeeInvis .   m - -3 lajatang (curse)
rCold    . . .     Faith    .   (shield currently unavailable)
rNeg     . . .     Spirit   .   a - +0 robe
rPois    .         Reflect  .   (helmet restricted)
rElec    .         Harm     .   (no cloak)
rCorr    .         Rampage  .   (no gloves)
MR       .....                  (no boots)
Stlth    ++........             (no amulet)
HPRegen  0.11/turn              i - +4 ring of protection
MPRegen  0.11/turn              (no ring)

@: no status effects
A: claws 1, horns 1, talons 1
a: no special abilities


You were on level 2 of the Dungeon.
You visited 1 branch of the dungeon, and saw 2 of its levels.

You collected 95 gold pieces.

Inventory:

Hand Weapons
 b - a +0 spear
 m - a cursed -3 lajatang (weapon)
Armour
 a - a +0 robe (worn)
 g - a +0 helmet
Jewellery
 i - a +4 ring of protection (left claw)
 o - an uncursed ring of positive energy {unknown}
Scrolls
 j - a scroll of noise {unknown}
 n - a scroll of enchant armour {unknown}
Potions
 c - a potion of ambrosia {unknown}
 d - a potion of lignification {unknown}
 e - 2 potions of heal wounds
 f - a potion of mutation {unknown}
 h - a potion of curing {unknown}
 k - a potion of haste {unknown}
 l - a potion of brilliance {unknown}


   Skills:
 - Level 1.7 Dodging
 - Level 1.7 Stealth
 - Level 3.2 Spellcasting
 - Level 1.0 Conjurations
 + Level 4.4 Air Magic


You had 9 spell levels left.
You knew the following spells:

 Your Spells              Type           Power        Failure   Level
a - Shock                 Conj/Air       ##..         5%          1

Your spell library contained the following spells:

 Spells                   Type           Power        Failure   Level
 Swiftness                Air            ###.....     4%          2
 Static Discharge         Conj/Air       ##......     17%         3
 Airstrike                Air            ###.......   26%         4
 Lightning Bolt           Conj/Air       ##........   83%         5


Dungeon Overview and Level Annotations

Branches:
Dungeon (2/15)

Altars:
Xom


Innate Abilities, Weirdness & Mutations

You have sharp fingernails.
You have a pair of small horns on your head.
You have sharp toenails.


Message History

Found a stone staircase leading up.
A giant cockroach comes into view.
A giant cockroach is nearby!
Found a whip.
The giant cockroach barely misses you.
You slash the giant cockroach!
You kill the giant cockroach!
You have reached level 5!
Your demonic ancestry asserts itself...
A pair of horns grows on your head!
Your +0 helmet falls away!
You open the door.
Found a shimmering altar of Xom.
There is an open door here.
You see here a whip.
Autopickup is now off.
Unknown command.
Are you sure you want to abandon this character and quit the game? (Confirm with "yes".)
Okay, then.
Are you sure you want to abandon this character and quit the game? (Confirm with "yes".)

#..,,...# *,* *,*
#.#**##.###.###,* #.#
#..'.._..+,, #.# #..#######,, #.#
#..# *** *,, ##.####..#######,*
#......†........,*
######..####.####.#.#**
#.....@....<..# *,,,* *****
#.####..####..# ***,*## *,,,**
*,* #..# #..# *,,,.
,,,,>******,***#..# #..#########
,,,,,,,,,,,,,,*#..# #...........
,,,,,,**,,*,,,*#..#**##.#########
*,,,*,,,,***,,,....,,,#.#
,,*,,,**,,*,,,*#.##**,#.#
**********,,,,**,* *,#.#


There were no monsters in sight!

Vanquished Creatures
  Natasha (D:2)
  Robin (D:2)
  A gnoll (D:1)
  3 adders (D:2)
  An ooze (D:1)
  2 worms (D:2)
  4 dart slugs
  A ball python (D:1)
  5 bats
  3 giant cockroaches
  10 goblins
  5 hobgoblins
  5 kobolds
  9 rats
51 creatures vanquished.

Notes
Turn   | Place    | Note
-------+----------+-------------------------------------------
     0 | D:1      | Lavandula the Demonspawn Air Elementalist began the quest
                  | for the Orb.
     0 | D:1      | Reached XP level 1. HP: 13/13 MP: 3/3
   211 | D:1      | Gained mutation: You have sharp toenails. [demonic
                  | ancestry]
   211 | D:1      | Reached XP level 2. HP: 19/19 MP: 0/5
   373 | D:1      | Reached XP level 3. HP: 10/24 MP: 0/7
   698 | D:1      | Reached skill level 3 in Air Magic
  1059 | D:2      | Noticed Robin
  1065 | D:2      | Gained mutation: You have sharp fingernails. [demonic
                  | ancestry]
  1065 | D:2      | Reached XP level 4. HP: 30/30 MP: 3/8
  1105 | D:2      | Killed Robin
  1416 | D:2      | Reached skill level 4 in Air Magic
  1620 | D:2      | Noticed Natasha
  1626 | D:2      | Killed Natasha
  1633 | D:2      | Gained mutation: You have a pair of small horns on your
                  | head. [demonic ancestry]
  1633 | D:2      | Reached XP level 5. HP: 27/35 MP: 3/9
  1638 | D:2      | Found a shimmering altar of Xom.
  1649 | D:2      | Quit the game

Illustrated notes

Levels and vault maps discovered:
D:1:      minmay_arrival_stair_chambers, layout_rooms
D:2:      layout_loops_ring, kennysheep_vampire_church, lemuel_doored_altar,
          uniq_natasha, uniq_sigmund, uniq_robin

Skill      XL: |  1  2  3  4 |
---------------+-------------+-----
Spellcasting   | 3 |  3.2
Air Magic      | 3 4 |  4.4
Dodging        | |  1.7
Stealth        | |  1.7
Conjurations   | |  1.0

Action                   |  1- 3 |  4- 6 || total
-------------------------+-------+-------++-------
Melee: Spear             |    23 |       ||    23
       Kick              |     5 |     2 ||     7
       Dagger            |     6 |     6 ||    12
       Lajatang          |       |     3 ||     3
 Cast: Shock             |    38 |    33 ||    71
  Use: Scroll            |     3 |     1 ||     4
 Stab: Sleeping          |     1 |     1 ||     2
Armor: Robe              |    13 |    10 ||    23
Dodge: Dodged            |    14 |    14 ||    28

Table legend: (Time is in decaauts)
 A = Elapsed time spent in this place.
 B = Non-inter-level travel time spent in this place.
 C = Inter-level travel time spent in this place.
 D = Time resting spent in this place.
 E = Time spent auto-exploring this place.
 F = Levels seen in this place.
 G = Mean time per level.
                   A        B        C        D        E       F      G
               +--------+--------+--------+--------+--------+-----+--------+
         Total |   1650 |   1634 |     16 |     40 |   1217 |   2 |  825.0 |
       Dungeon |   1650 |   1634 |     16 |     40 |   1217 |   2 |  825.0 |
               +--------+--------+--------+--------+--------+-----+--------+

Top non-repeatable levels by time:
     D:1: 867 daAuts
     D:2: 782 daAuts
